 Dungeon Crawl Stone Soup version bcrawl-1.27.1d (webtiles) character file.

Game seed: 15888276478940354879

126488 Freyura the Sneak (level 4, -8/24 HPs)
             Began as a Felid Monk on July 21, 2020.
             Mangled by Duvessa
             ... wielding a +0 short sword
              (15 damage)
             ... on level 4 of the Dungeon.
             The game lasted 00:06:59 (2292 turns).

Freyura the Sneak (Felid Monk)                      Turns: 2292, Time: 00:07:00

Health: -8/24      AC:  1    Str:  7    XL:     4   Next: 86%
Magic:  0/6        EV: 23    Int: 13    God:
Gold:   181        SH:  0    Dex: 18    Spells: 3/3 levels left
                                        Lives:  0   Deaths: 1

rFire    . . .     SeeInvis +     - Teeth and claws (9.5)
rCold    . . .     Gourm    .   (shield unavailable)
rNeg     . . .     Faith    .   (armour unavailable)
rPois    .         Spirit   +   (helmet unavailable)
rElec    .         Reflect  .   (cloak restricted)
rCorr    .         Harm     .   (gloves unavailable)
MR       .....                  (boots unavailable)
Stlth    ++++......             a - amulet of guardian spirit
HPRegen  0.08/turn              o - +3 ring of evasion
MPRegen  0.10/turn              (no ring)

@: quick
A: very small, no armour, no weapons or thrown items, stealth, claws 1, fangs 3,
see invisible, carnivore, speed 1, shaggy fur 1, slow metabolism 1, sharp paws
a: no special abilities


You were on level 4 of the Dungeon.
You were not hungry.

You visited 1 branch of the dungeon, and saw 4 of its levels.

You collected 181 gold pieces.

Inventory:

Jewellery
 a - an amulet of guardian spirit (around neck)
 o - a +3 ring of evasion (left paw)
Wands
 q - a wand of iceblast (9)
Scrolls
 b - 4 scrolls of remove curse
 c - a scroll of amnesia {unknown}
 d - 3 scrolls of teleportation {unknown}
 g - 5 scrolls of identify
 i - a scroll of fear {unknown}
 l - a scroll of enchant armour {unknown}
 p - a scroll of immolation {unknown}
Potions
 f - 4 potions of curing
 h - 2 potions of heal wounds
 j - a potion of haste {unknown}
 k - a potion of degeneration {unknown}
 m - 2 potions of flight
Comestibles
 e - 9 rations {!d}


   Skills:
 + Level 3.3 Fighting
 + Level 4.5 Dodging
 * Level 5.8 Stealth
 + Level 5.7 Unarmed Combat
   Level 2.1 Invocations


You had 3 spell levels left.
You didn't know any spells.
Your spell library contained the following spells:

 Spells                   Type           Power        Failure   Level  Hunger
 Apportation              Tloc           #.....       30%         1    None
 Infusion                 Chrm           #.......     30%         1    None
 Sandblast                Erth           #.....       30%         1    None
 Slow                     Hex            #.......     30%         1    None
 Summon Butterflies       Summ           #.......     30%         1    None


Dungeon Overview and Level Annotations

Branches:
Dungeon (4/12)
 Temple: D:4-7

Altars:
Dithmenos
Fedhas

Shops:
D:4 ?}[:

Annotations:
D:4 Dowan, Duvessa


Innate Abilities, Weirdness & Mutations

You cannot wear almost all types of armour.
You are incapable of wielding weapons or throwing items.
Your paws allow you to move quietly. (Stealth)
You have sharp claws.
You have razor-sharp teeth.
You have supernaturally acute eyesight. (SInv)
You are carnivorous and can eat meat at any time.
You cover ground quickly.
You are covered in fur. (AC +1)
You have a slow metabolism.
Your sharp claws are effective at attacking unaware monsters.


Message History

Duvessa barely misses you.
You scratch Duvessa but do no damage.
Duvessa is heavily wounded.
Duvessa hits you with a +0 short sword. Dowan barely misses you.
You scratch Duvessa.
Duvessa is severely wounded.
Duvessa hits you with a +0 short sword!
You are too injured to fight recklessly!
You are too injured to fight recklessly!
You are too injured to fight recklessly!
You claw Duvessa!
Duvessa is almost dead.
Duvessa hits you with a +0 short sword!
* * * LOW HITPOINT WARNING * * *
Dowan misses you.
You barely miss Duvessa.
Duvessa is almost dead.
Duvessa hits you with a +0 short sword!
Ouch! That really hurt!
You die...

####..# #.....# ....# ####.....##
$∩$...>.....
##.##......##$$$..........%.
###.......#...##......... ....
....#....##...##........#...
####..#....#............# ∩.# .
##.#...##...........##...##..#..
##.......#......@e....#..........
##.........#...##e........$h.....
.#.#......###.###......###†e.....
##.........#...##.......####.....
#..............#..###...........#
...............#..##....#..#....#
..........###..#..##...###.# .#
...........##.....#...## .# .
..........### #..#≈.≈##### .


You could see Duvessa and Dowan.

Vanquished Creatures
  A centaur zombie (D:3)
  Terence (D:2)
  A worker ant (D:3)
  Robin (D:2)
  4 adders
  5 worms
  2 dart slugs (D:3)
  5 leopard geckos
  2 orcs (D:3)
  4 giant cockroaches
  9 goblins (D:2)
  9 hobgoblins
  A jackal (D:4)
  7 kobolds
  A ball python (D:2)
  A bat (D:2)
  5 frilled lizards
  6 rats
65 creatures vanquished.

Notes
Turn   | Place    | Note
-------+----------+-------------------------------------------
     0 | D:1      | Freyura the Felid Monk began the quest for the Orb.
     0 | D:1      | Reached XP level 1. HP: 12/12 MP: 3/3
   353 | D:1      | Reached XP level 2. HP: 16/16 MP: 4/4
   788 | D:2      | Reached XP level 3. HP: 10/20 MP: 2/5
   788 | D:2      | Noticed Robin
   794 | D:2      | HP: 1/20 [goblin[Robin] (6)]
   820 | D:2      | Killed Robin
  1155 | D:2      | Found a blossoming altar of Fedhas.
  1226 | D:2      | Noticed Terence
  1231 | D:2      | Killed Terence
  1510 | D:3      | Reached XP level 4. HP: 23/24 MP: 6/6
  1865 | D:3      | Found a shadowy altar of Dithmenos.
  1963 | D:3      | Reached skill level 5 in Unarmed Combat
  2132 | D:4      | Reached XP level 5. HP: 28/28 MP: 7/7
  2165 | D:4      | Found Kerag's Gadget Shop.
  2166 | D:4      | Found Ywenusen's Magic Scroll Emporium.
  2260 | D:4      | Found Nyrhep's Antique Armour Shop.
  2260 | D:4      | Reached skill level 5 in Stealth
  2260 | D:4      | Noticed Duvessa
  2260 | D:4      | Noticed Dowan
  2262 | D:4      | Found Joaprint's Book Shoppe.
  2271 | D:4      | Slain by Duvessa
  2272 | D:4      | Reached XP level 4. HP: -1/24 MP: 0/6
  2292 | D:4      | Mangled by Duvessa

Skill      XL: |  1  2  3  4  5 |
---------------+----------------+-----
Unarmed Combat | 4 5 |  5.7
Stealth        | 4 5 |  5.8
Fighting       | |  3.3
Dodging        | |  4.5
Invocations    | |  2.1

Action                   |  1- 3 |  4- 6 || total
-------------------------+-------+-------++-------
Melee: Unarmed           |   101 |    71 ||   172
       Bite              |     4 |     4 ||     8
  Use: Scroll            |     1 |     3 ||     4
       Potion            |     1 |     1 ||     2
 Stab: Sleeping          |    11 |     6 ||    17
  Eat: Chunk             |    10 |     2 ||    12
Armor: Skin              |     2 |       ||     2
Dodge: Dodged            |    91 |    39 ||   130
